AoeStats
← fat_dgk

Nomad

508508415Analyzed
4v4 RM · 9d ago on Sep 22, 2026· 35m 51s· 8 players
Game mode
Random Map
Map size
231×231
Population
200
Speed
Normal
Resources
Standard
Victory
Conquest
Starting age
Dark Age
Ending age
Imperial Age
RankedLock teamsTeams togetherTeam positionsShared explorationLock speedFull tech treeHidden civsTurbo modeCheats
Victory
Defeat
🇨🇭 Varangians · Switzerland
1190
+11
🇨🇱 Japanese · Chile
1140
+13
🇨🇱 Dravidians · Chile
1124
+14
🇨🇱 Persians · Chile
1098
+15
🇹🇷 Cumans · Türkiye
1086
-14
🇹🇷 Cumans · Türkiye
1078
-13
🇲🇽 Varangians · Mexico
1076
-13
🇷🇺 Saxons · Russia
1070
-13
Tesorito
4:09 Loom
15:03 Feudal Age
17:19 Double-Bit Axe
17:39 Fishing Lines
21:48 Castle Age
20:36 Wheelbarrow
20:14 Town Watch
20:47 Stone Mining
22:54 Bow Saw
23:51 Gold Mining
25:42 Gold Shaft Mining
25:11 Gillnets
25:54 Town Patrol
26:37 Hand Cart
26:25 Scale Mail Armor
31:49 Forging
31:54 Chain Mail Armor
33:29 Iron Casting
Baron279
14:13 Loom
16:58 Feudal Age
17:32 Double-Bit Axe
18:08 Fishing Lines
22:18 Castle Age
20:58 Scale Mail Armor
21:09 Forging
21:53 Wheelbarrow
24:33 Bow Saw
30:23 Chain Mail Armor
31:02 Fletching
32:37 Gillnets
33:05 Stone Mining
33:06 Gold Mining
34:16 Hand Cart
35:31 Scale Barding Armor
35:22 Pikeman
fat_dgk
10:27 Loom
12:53 Feudal Age
18:13 Castle Age
16:11 Double-Bit Axe
17:55 Fletching
19:03 Bodkin Arrow
26:38 Wheelbarrow
28:23 Town Watch
29:32 Padded Archer Armor
30:23 Ballistics
30:41 Thumb Ring
32:09 Husbandry
32:07 Fishing Lines
36:38 Imperial Age
Calcetin
11:05 Loom
13:48 Feudal Age
18:26 Castle Age
17:40 Double-Bit Axe
18:55 Wheelbarrow
18:08 Town Watch
21:37 Horse Collar
22:54 Heavy Plow
23:27 Bow Saw
25:08 Gold Mining
25:55 Stone Mining
32:16 Imperial Age
31:18 Scale Barding Armor
33:11 Elite War Elephant
34:23 Forging
35:34 Chain Barding Armor
35:32 Bloodlines
Gonnar
4:58 Loom
14:25 Feudal Age
18:50 Castle Age
17:57 Fishing Lines
19:29 Double-Bit Axe
19:43 Gillnets
21:30 Horse Collar
24:22 Squires
24:24 Scale Mail Armor
27:10 Forging
27:56 Chain Mail Armor
28:05 Arson
29:25 Iron Casting
30:18 Pikeman
30:45 Gambesons
32:14 Fletching
32:24 Padded Archer Armor
35:54 Imperial Age
33:09 Elite Skirmisher
33:49 Gold Mining
34:55 Leather Archer Armor
ertk
3:38 Loom
14:12 Feudal Age
18:19 Castle Age
19:10 Wheelbarrow
19:18 Bloodlines
19:37 Horse Collar
24:14 Scale Barding Armor
24:19 Forging
28:49 Capped Ram
31:20 Double-Bit Axe
32:11 Heavy Plow
Nwelt
10:56 Loom
15:23 Feudal Age
15:56 Double-Bit Axe
16:40 Horse Collar
18:11 Town Watch
21:29 Castle Age
20:31 Fletching
20:41 Padded Archer Armor
22:43 Bodkin Arrow
26:07 Wheelbarrow
26:15 Leather Archer Armor
30:36 Thumb Ring
34:07 Bloodlines
33:57 Husbandry
Gkzaim
Connection lost

Rejoining the realm…

Still unreachable

The connection could not be restored.

Session expired

The server has moved on; the page needs a fresh start.